 Dungeon Crawl Stone Soup version 0.28.0-45-g0d030f2227 (webtiles) character file.

Game seed: 2996533455170328860

5 protoss039 the Vexing (level 1, -1/17 HPs)
             Began as a Gnoll Arcane Marksman on May 17, 2022.
             Slain by a kobold
             ... wielding a +0 short sword
              (2 damage)
             ... on level 2 of the Dungeon.
             The game lasted 00:01:39 (111 turns).

protoss039 the Vexing (Gnoll Arcane Marksman)        Turns: 111, Time: 00:01:39

Health: -1/17      AC:  2    Str:  9    XL:     1   Next: 80%
Magic:  3/4        EV: 13    Int: 12    God:
Gold:   0          SH:  0    Dex: 12    Spells: 4/5 levels left

rFire   . . .      SeeInvis .   b - +0 short sword
rCold   . . .      Faith    .   (no shield)
rNeg    . . .      Spirit   .   d - +0 robe
rPois   .          Reflect  .   (no helmet)
rElec   .          Harm     .   (no cloak)
rCorr   .          Rampage  .   (no gloves)
Will    .....                   (no boots)
Stlth   +.........              (no amulet)
HPRegen 0.05/turn               (no ring)
MPRegen 0.09/turn               (no ring)

@: no status effects
A: fangs 1, strong nose, distributed training
a: no special abilities


You were on level 2 of the Dungeon.
You visited 1 branch of the dungeon, and saw 2 of its levels.

Inventory:

Hand Weapons
 a - a +0 shortbow
 b - a +0 short sword (weapon)
Missiles
 c - 13 arrows
Armour
 d - a +0 robe (worn)
Scrolls
 e - a scroll of amnesia {unknown}


   Skills:
 + Level 2.4 Fighting
 + Level 0.1 Short Blades
 + Level 0.1 Long Blades
 + Level 0.1 Axes
 + Level 0.1 Maces & Flails
 + Level 0.1 Polearms
 + Level 0.1 Staves
 + Level 0.1 Slings
 + Level 4.4 Bows
 + Level 0.1 Crossbows
 + Level 0.1 Throwing
 + Level 0.1 Armour
 + Level 4.4 Dodging
 + Level 0.1 Stealth
 + Level 0.1 Shields
 + Level 0.1 Unarmed Combat
 + Level 2.6 Spellcasting
 + Level 0.1 Conjurations
 + Level 5.3 Hexes
 + Level 0.1 Summonings
 + Level 0.1 Necromancy
 + Level 0.1 Translocations
 + Level 0.1 Transmutations
 + Level 0.1 Fire Magic
 + Level 0.1 Ice Magic
 + Level 0.1 Air Magic
 + Level 0.1 Earth Magic
 + Level 0.1 Poison Magic
 + Level 0.2 Invocations
 + Level 0.1 Evocations


You had 4 spell levels left.
You knew the following spells:

 Your Spells              Type           Power      Damage    Failure   Level
a - Slow                  Hex            56%        N/A       2%          1

Your spell library contained the following spells:

 Spells                   Type           Power      Damage    Failure   Level
 Inner Flame              Hex/Fire       8%         N/A       26%         3
 Portal Projectile        Hex/Tloc       16%        N/A       26%         3
 Cause Fear               Hex            7%         N/A       28%         4


Dungeon Overview and Level Annotations

Branches:
Dungeon (2/15)

Altars:


Innate Abilities, Weirdness & Mutations

You have very sharp teeth.
Your uncanny sense of smell can sniff out nearby items.
Your experience applies equally to all skills.


Message History

There is a stone staircase leading down here.
Unknown command.
The hobgoblin hits you.
* * * LOW HITPOINT WARNING * * *
You climb downwards.
Found a scroll labelled AFALEOJ HUDGHE and a whip.
There is a stone staircase leading up here.
Unknown command.
Unknown command.
Casting: Slow (safe; 2% risk of failure)
Confirm with . or Enter, or press ? or * to list all spells.
Aiming: Slow (safe; 2% risk of failure)
Press: ? - help, Shift-Dir - straight line, f - hobgoblin
Aim: a hobgoblin (chance to affect: 71%)
The hobgoblin seems to slow down.
The kobold shouts!
Unknown command.
Fire: 13 arrows
Press: ? - help, Q - select action, (/) - cycle Shift-Dir - straight line, f/p - hobgoblin
Aim: a hobgoblin (slow, 60% to hit)
Okay, then.
Fire: 13 arrows
Press: ? - help, Q - select action, (/) - cycle Shift-Dir - straight line, f/p - hobgoblin
Aim: a hobgoblin (slow, 60% to hit)
Okay, then.
Fire: 13 arrows
Press: ? - help, Q - select action, (/) - cycle Shift-Dir - straight line, f/p - hobgoblin
Aim: a hobgoblin (slow, 60% to hit)
Okay, then.
b - a +0 short sword (weapon)
Unknown command.
You barely miss the hobgoblin.
A goblin comes into view. It is wielding a +0 club.
The hobgoblin completely misses you.
Unknown command.
The goblin shouts!
You hit the hobgoblin but do no damage. You open the door.
The kobold hits you with a +0 short sword.
You die...

##+# ####...##
..#.....##
#........##
#.........####...
+.........'......
#...g...g@#
#.......K##
.#.?...## ##..<##
##+##


You could see a hobgoblin (slow), a goblin and a kobold.

Vanquished Creatures
  2 goblins (D:1)
  A hobgoblin (D:1)
  A kobold (D:1)
4 creatures vanquished.

Notes
Turn   | Place    | Note
-------+----------+-------------------------------------------
     0 | D:1      | protoss039 the Gnoll Arcane Marksman began the quest for
                  | the Orb.
     0 | D:1      | Reached XP level 1. HP: 17/17 MP: 4/4
   111 | D:2      | Slain by a kobold

Illustrated notes

Levels and vault maps discovered:
D:1:      dpeg_arrival_arbitrary_b, layout_rooms, minmay_3d_cube
D:2:      layout_loops_corners, basic_ecumenical_altar

Action                   || total
-------------------------++-------
Melee: Shortbow          ||    14
       Short sword       ||     2
       Bite              ||     2
 Fire: Shortbow          ||    12
 Cast: Slow              ||     6
Armor: Robe              ||     5
Dodge: Dodged            ||    22
